Cogmind - Beta 17.1 @@@ ROGUE MODE // 2026.09.18 @ 20:38:48 Player: Zaje Result: Destroyed by QL-DFF(R) with Subdweller Machine Gun Performance ------------- Evolutions (0) 0 Regions Visited (3) 600 Robots Destroyed (23) 115 Value Destroyed (495) 495 Prototype IDs (0) 0 Alien Tech Used (0) 0 Bonus (0) 0 TOTAL SCORE: 1210 Bonus ------- None Cogmind --------- Core Integrity 0/250 Matter 282/300 Energy 99/100 System Corruption 0% Temperature Cool (0) Movement Core (50) Location -10/Subcaves Parts ------- > --- POWER (1) -------- (None) > --- PROPULSION (2) --- (None) > --- UTILITY (2) ------ (None) > --- WEAPON (2) ------- (None) > --- INVENTORY (5) ---- Improved Targeting Computer Bomb Drone Bay Medium Laser Assault Rifle Peak State ------------ > --- POWER ------------ Light Ion Engine > --- PROPULSION ------- Aluminum Leg Aluminum Leg > --- UTILITY ---------- Large Storage Unit Improved Terrain Scanner > --- WEAPON ----------- Light Cannon Light Cannon > --- INVENTORY -------- Light Ion Engine Light Nuclear Core Large Storage Unit Sensor Array Improved Targeting Computer Hacking Suite Bomb Drone Bay Medium Laser Assault Rifle Light Assault Rifle Grenade Launcher [Rating: 11] Favorites ----------- Power Light Ion Engine Engine Light Ion Engine Propulsion Light Treads Treads Light Treads Leg Aluminum Leg Utility Improved Terrain Scanner Device Improved Terrain Scanner Storage Large Storage Unit Weapon Light Cannon Energy Gun Small Laser Ballistic Gun Assault Rifle Ballistic Cannon Light Cannon Launcher Grenade Launcher Build | -11 -10 -10 -10 ------- Run | Yrd Mat Min Sub Slots Evolved . | . . . . Power . | . . . . Propulsion . | . . . . Utility . | . . . . Weapon . | . . . . Parts Attached 16 | 7 7 1 1 Power 2 | 1 . 1 . Engine 2 | 1 . 1 . Core . | . . . . Reactor . | . . . . Propulsion 4 | 2 2 . . Treads 2 | . 2 . . Leg 2 | 2 . . . Wheel . | . . . . Hover . | . . . . Flight . | . . . . Utility 3 | 2 1 . . Device 1 | 1 . . . Storage 2 | 1 1 . . Processor . | . . . . Hackware . | . . . . Protection . | . . . . Artifact . | . . . . Weapon 7 | 2 4 . 1 Energy Gun 2 | 1 1 . . Energy Cannon . | . . . . Ballistic Gun 2 | 1 1 . . Ballistic Cannon 2 | . 2 . . Launcher 1 | . . . 1 Special Weapon . | . . . . Impact Weapon . | . . . . Slashing Weapon . | . . . . Piercing Weapon . | . . . . Special Melee Weapon . | . . . . Unidentified Prototypes . | . . . . Parts Lost 8 | . 2 . 6 Power 1 | . . . 1 Propulsion 4 | . 2 . 2 Utility . | . . . . Weapon 3 | . . . 3 Highest Loss Streak 6 | . 1 . 6 To Critical Strikes 2 | . . . 2 Average Backups 10 | 3 10 10 9 Power 1 | . 1 1 1 Propulsion 1 | 1 1 . . Utility 3 | . 3 4 5 Weapon 3 | . 3 4 3 Tool/Special . | . . . . Unused Backups 7 | . 1 . 6 Power 1 | . . . 1 Propulsion . | . . . . Utility 6 | . 1 . 5 Weapon . | . . . . Tool/Special . | . . . . Average Slot Usage (%) 98 | . 99 100 61 Engine 13 | . 14 14 9 Treads 14 | . 17 . . Leg 12 | . 9 28 18 Device 13 | . 14 14 9 Storage 13 | . 14 14 9 Energy Gun 1 | . 1 . . Ballistic Gun 10 | . 12 . . Ballistic Cannon 16 | . 14 28 14 Peak Build Rating 11 | 9 10 11 11 Average Rating 9 | 6 9 10 8 On Entrance 7 | . 9 10 11 Avg Prop Armor Cover (%) . | . . . . Naked Turns 2 | . . . 2 Heaviest Build 30 | 12 30 30 30 Greatest Support 40 | 20 40 20 20 Greatest Overweight (x) 9 | . 9 1 1 Average Overweight (x) . | . . 1 . Largest Inventory Capacity 15 | 8 15 15 15 Average Capacity 14 | 7 14 15 13 Most Carried 13 | 5 13 12 11 Average Carried 10 | 3 10 10 9 Final Capacity 15 | 8 15 15 5 Final Carried 11 | 5 11 11 5 Class Distribution -------------------- 100% | Mutant Dominant Class ---------------- Mutant | -10/Materials Mutant | -10/Mines Mutant | -10/Subcaves Resources | -11 -10 -10 -10 ----------- Run | Yrd Mat Min Sub Matter Collected 684 | 282 402 . . Remotely . | . . . . Salvage Created 585 | 128 457 . . Parts 49 | 12 37 . . Haulers Intercepted 1 | . 1 . . Recyclers Shooed . | . . . . Parts Field Recycled . | . . . . Retrieved Matter . | . . . . Parts Self-Destructed . | . . . . Prevented . | . . . . Parts Restored . | . . . . Kills | -11 -10 -10 -10 ------- Run | Yrd Mat Min Sub Combat Hostiles Destroyed 13 | . 13 . . Guns 7 | . 7 . . Cannons 6 | . 6 . . Classes Destroyed 8 | 2 6 . . Worker 1 | . 1 . . Tunneler 2 | 2 . . . Hauler 1 | . 1 . . Recycler 1 | 1 . . . Operator 2 | . 2 . . Watcher 3 | . 3 . . Swarmer 4 | . 4 . . Grunt 9 | . 9 . . Best Kill Streak 5 | 3 5 . . Combat Bots Only 3 | . 3 . . Max Kills in Single Turn 2 | 2 2 . . Gunslinging . | . . . . Exploded . | . . . . Melee . | . . . . Uniques/NPCs Destroyed . | . . . . Combat | -11 -10 -10 -10 -------- Run | Yrd Mat Min Sub Hostile Shots Fired 116 | . 81 . 35 Missed 30 | . 22 . 8 Hits 86 | . 59 . 27 Projectile 86 | . 59 . 27 AOE 3 | . . . 3 Critical Strikes 2 | . . . 2 Damage Taken 1322 | . 666 . 656 Core 260 | . 95 . 165 Absorbed by Shields . | . . . . Core Remaining (%) 100 | 100 . . . Volleys Fired 61 | 4 54 . 3 Largest 2 | 2 2 . 1 Hottest 60 | 60 60 . 30 Shots Fired 119 | 8 108 . 3 Gun 62 | 8 54 . . Cannon 54 | . 54 . . Launcher 3 | . . . 3 Special . | . . . . Kinetic 112 | 4 108 . . Thermal 4 | 4 . . . Explosive 3 | . . . 3 Electromagnetic . | . . . . Robot Hit Streak 9 | 5 9 . 4 Robot Miss Streak 9 | 1 9 . . Penetration Max . | . . . . Secondary Targets . | . . . . Shots Hit Robots 74 | 5 68 . 1 Core Hits 37 | 4 30 . 3 Critical Kills . | . . . . Critical Parts Destroyed . | . . . . Critical Strikes 2 | . 2 . . Blast 2 | . 2 . . Melee Attacks . | . . . . Impact . | . . . . Slashing . | . . . . Piercing . | . . . . Sneak Attacks . | . . . . Combat Hostiles . | . . . . Follow-up Attacks . | . . . . Damage Inflicted 1462 | 70 962 8 422 Guns 504 | 70 434 . . Cannons 527 | . 527 . . Explosions 422 | . . . 422 Melee . | . . . . Ramming 9 | . 1 8 . Kinetic 999 | 38 961 . . Thermal 32 | 32 . . . Explosive 422 | . . . 422 Electromagnetic . | . . . . Impact . | . . . . Slashing . | . . . . Piercing . | . . . . Highest Corruption . | . . . . Average Corruption . | . . . . Corruption Purged . | . . . . Corruption Blocked . | . . . . Overload Shots . | . . . . Overflow Damage 14 | . 14 . . Projectiles 14 | . 14 . . Explosions . | . . . . Melee . | . . . . Knockbacks 14 | . 14 . . Impact . | . . . . Kinetic 11 | . 11 . . Secondary 3 | . 3 . . Self-Inflicted Damage 8 | . . . 8 Shots 1 | . . . 1 Rammed 1 | . 1 . . Targets Rammed 2 | . 1 1 . Kicked 1 | . . 1 . Crushed . | . . . . Highest Temperature 42 | . 42 . . Average Temperature 17 | . 17 . . Received Heat Transfer 426 | . 348 . 78 Siege Activations . | . . . . Martial Activations . | . . . . Shielding Activations . | . . . . Robots Disrupted . | . . . . Combat Hostiles . | . . . . Robots Corrupted . | . . . . Combat Hostiles . | . . . . Parts Fried . | . . . . Impact Corruptions . | . . . . Robots Melted . | . . . . Combat Hostiles . | . . . . Parts Melted . | . . . . Heat Transferred 75 | 75 . . . Parts Sabotaged . | . . . . Parts Stolen . | . . . . Parts Stripped . | . . . . Power Chain Reactions . | . . . . Alert | -11 -10 -10 -10 ------- Run | Yrd Mat Min Sub Maximum Alert Level . | . . . . Low Security (%) 100 | 100 100 100 . Level 1 . | . . . . Level 2 . | . . . . Level 3 . | . . . . Level 4 . | . . . . Level 5 . | . . . . High Security . | . . . . Max Security . | . . . . Peak Influence 101 | 15 101 9 . Initial 9 | . . 9 . Average 32 | 1 39 . . Influence Increases 427 | 15 412 . . Destroy 0b10 Robot/C 260 | . 260 . . Destroy 0b10 Robot/NC 50 | 15 35 . . Destroy Leader 58 | . 58 . . Successful Hack 12 | . 12 . . Disable Machine 30 | . 30 . . Destroy Structure 2 | . 2 . . Lose Combat Pursuer 15 | . 15 . . Influence Decreases 427 | 15 387 25 . Entered New Map 16 | . . 16 . Time Decay 391 | 15 367 9 . Lost Part 20 | . 20 . . Squads Dispatched 2 | . 2 . . Investigation 1 | . 1 . . Extermination . | . . . . Reinforcement 1 | . 1 . . Assault . | . . . . Garrison . | . . . . Intercept . | . . . . Searches Triggered . | . . . . Construction Impeded . | . . . . Haulers Reinforced . | . . . . Active Scanning Responses . | . . . . Cargo Convoy Interrupts . | . . . . Stealth | -11 -10 -10 -10 --------- Run | Yrd Mat Min Sub Distress Signals 2 | . 2 . . Communications Jammed . | . . . . Distress Signals . | . . . . Times Spotted 32 | . 24 . 8 Peak Tracking Total 8 | . 6 . 8 Tactical Retreats 1 | . 1 . . Traps | -11 -10 -10 -10 ------- Run | Yrd Mat Min Sub Traps Triggered 1 | . 1 . . Indirectly . | . . . . Trap Hack Attempts . | . . . . Triggered . | . . . . Disarmed . | . . . . Reprogrammed . | . . . . Reused . | . . . . Traps Extracted . | . . . . Installed . | . . . . Triggered . | . . . . Machines | -11 -10 -10 -10 ---------- Run | Yrd Mat Min Sub Machines Disabled 2 | . 2 . . Max in Single Turn 2 | . 2 . . Machines Repaired . | . . . . Machines Dismantled . | . . . . Machines Sabotaged . | . . . . Overloaded Fab Kills . | . . . . Hacking | -11 -10 -10 -10 --------- Run | Yrd Mat Min Sub Machines Accessed 7 | . 6 1 . Terminals 6 | . 6 . . Fabricators . | . . . . Repair Stations . | . . . . Recycling Units . | . . . . Scanalyzers . | . . . . Garrison Access . | . . . . Total Hacks 15 | . 14 1 . Successful 6 | . 5 1 . Failed 9 | . 9 . . Catastrophic 3 | . 3 . . Database Lockouts . | . . . . Manual 14 | . 14 . . Terminals 14 | . 14 . . Fabricators . | . . . . Repair Stations . | . . . . Recycling Units . | . . . . Scanalyzers . | . . . . Garrison Access . | . . . . Terminal Hacks 6 | . 5 1 . Robot Analysis 5 | . 5 . . Open Door 1 | . . 1 . Fabricator Hacks . | . . . . Repair Station Hacks . | . . . . Recycling Unit Hacks . | . . . . Scanalyzer . | . . . . Garrison Access Hacks . | . . . . Unauthorized Hacks . | . . . . Terminals . | . . . . Fabricators . | . . . . Repair Stations . | . . . . Recycling Units . | . . . . Scanalyzers . | . . . . Garrison Access . | . . . . Data Cores Recovered . | . . . . Used . | . . . . Hacking Detections 7 | . 7 . . Full Trace Events . | . . . . Feedback Events . | . . . . Feedback Blocked . | . . . . Robot Schematics Acquired . | . . . . Robots Built . | . . . . Authchips . | . . . . Time . | . . . . Total Robot Build Rating . | . . . . Part Schematics Acquired . | . . . . Parts Built . | . . . . Authchips . | . . . . Time . | . . . . Total Part Build Rating . | . . . . Part Studies Acquired . | . . . . Parts Repaired . | . . . . Time . | . . . . Parts Recycled . | . . . . Recycled Matter . | . . . . Retrieved Matter . | . . . . Retrieved Components . | . . . . Parts Scanalyzed . | . . . . Part Schematics Acquired . | . . . . Parts Damaged . | . . . . Bothacking | -11 -10 -10 -10 ------------ Run | Yrd Mat Min Sub Used RIF Installer . | . . . . Robots Hacked . | . . . . Non-combat . | . . . . Combat . | . . . . Robot Hacks Applied . | . . . . Relay Couplers Released . | . . . . Fabnet Peak Effective % . | . . . . Robots Rewired . | . . . . Allies Hacked . | . . . . Hacks Repelled . | . . . . Allies | -11 -10 -10 -10 -------- Run | Yrd Mat Min Sub Total Allies 2 | . . 2 . Largest Group 2 | . . 2 2 Highest-Rated Group 47 | . . 47 47 Highest-Rated Ally 31 | . . 31 31 Total Orders . | . . . . Ally Attacks 2 | . . . 2 Total Damage 20 | . . . 20 Kills . | . . . . Allies Corrupted . | . . . . Allies Melted . | . . . . Intel | -11 -10 -10 -10 ------- Run | Yrd Mat Min Sub Active Infowar (turns) 1857 | 53 1548 241 15 Terrain 1857 | 53 1548 241 15 Robot Analysis Total 5 | . 5 . . Derelict Logs Recovered 3 | . . 3 . Drone Launches . | . . . . Drone Recoveries . | . . . . Exploration | -11 -10 -10 -10 ------------- Run | Yrd Mat Min Sub Turns Passed 1940 | 134 1548 241 17 Spaces Moved 1014 | 99 782 125 8 Core 22 | 17 1 . 4 Treads 500 | . 500 . . Legs 492 | 82 281 125 4 Wheels . | . . . . Hover . | . . . . Flight . | . . . . Fastest Speed 50 | 50 120 190 50 Average Speed 166 | 107 170 190 120 Slowest Speed 500 | 120 500 190 190 Overloaded Moves . | . . . . Propulsion Burnouts . | . . . . Robots Hopped . | . . . . Potential Cave-ins . | . . . . Cave-ins Triggered . | . . . . Exploration Rate (%) 28 | 4 75 31 2 Regions Visited 3 Branch Regions 2 Pre-discovered Areas 1 | . . 1 . Known Exits Taken . | . . . . Unknown Exits Taken 3 | 1 1 1 . Scrap Searched . | . . . . Spaces Dug . | . . . . Terrain Destroyed 10 | . . . 10 Melee . | . . . . Projectile . | . . . . AOE 10 | . . . 10 Terrain Rammed . | . . . . Walls Destroyed . | . . . . Machines Disabled . | . . . . Actions | -11 -10 -10 -10 --------- Run | Yrd Mat Min Sub Total 1149 | 114 894 129 12 Wait 38 | . 38 . . Move 1011 | 98 781 124 8 Hop . | . . . . Pick Up 12 | 5 6 1 . Fast Attach 10 | 7 3 . . Attach 3 | . 2 . 1 Detach 3 | . 3 . . Swap 5 | . 4 1 . Drop 4 | . 2 2 . Fire 61 | 4 54 . 3 Melee . | . . . . Ram . | . . . . Kick 1 | . . 1 . Crush 1 | . 1 . . Escape Stasis . | . . . . Rewire . | . . . . Trap . | . . . . Miscellaneous . | . . . . Route ------- -11/Scrapyard -10/Materials (discovered 6 exits: [*Mat x3] / *Min x2 / [*Sub]) -10/Mines (discovered 2 exits: [*Mat] / [*Sub]) -10/Subcaves (discovered 1 exit: [*Mat]) History --------- Turn | Location | Event 16 | -11/Scrapyard | Discovered new exit (range 15) 135 | -11/Scrapyard | Entered Materials 313 | -10/Materials | Build established: Mutant 445 | -10/Materials | Discovered new exit (range 3) 864 | -10/Materials | Discovered new exit (range 15) 1167 | -10/Materials | Discovered new exit (range 8) 1245 | -10/Materials | Discovered new exit (range 13) 1462 | -10/Materials | Discovered new exit (range 7) 1477 | -10/Materials | Discovered new exit (range 7) 1683 | -10/Materials | Entered Mines 1686 | -10/Mines | Met a Derelict bent on vengeance 1730 | -10/Mines | Learned location of Storage (-7) 1731 | -10/Mines | Learned Materials stockpile data 1769 | -10/Mines | Learned 2 Materials zone layouts 1817 | -10/Mines | Discovered new exit (range 12) 1833 | -10/Mines | Found the Drone Emporium 1844 | -10/Mines | Found Prototype Device 1899 | -10/Mines | Discovered new exit (range 14) 1924 | -10/Mines | Entered Subcaves 1924 | -10/Subcaves | Accompanied by 2 allies 1924 | -10/Subcaves | Discovered new exit (range 12) 1926 | -10/Subcaves | Ambushed by Subdwellers from Twisted Machinery 1929 | -10/Subcaves | Led the pair of lost Derelicts to an unsafe place 1929 | -10/Subcaves | Ambushed by Subdweller buried in earth 1929 | -10/Subcaves | Ambushed by Subdweller buried in earth 1931 | -10/Subcaves | Ambushed by Subdweller buried in earth 1932 | -10/Subcaves | Core integrity fell below 50% 1933 | -10/Subcaves | Ambushed by Subdweller buried in earth 1939 | -10/Subcaves | Released all parts (2) 1941 | -10/Subcaves | Core integrity fell below 20% 1941 | -10/Subcaves | Destroyed by QL-DFF(R) with Subdweller Machine Gun Last Messages --------------- 01924_ EXIT=FOUND 01926_ 3K-YJO(R) emerges from the Twisted Machinery. 01929_ 32-66J(g): "This place looks worse than where we left..." 01929_ 32-66J(g) destroyed. 01929_ Lgt. Cannon destroyed. [Achievement: Do Not Disturb] 01930_ D0-PFL(R): "ARGHSUB!" 01930_ VE-XBT(R): "ARGHSUB!" 01931_ 8R-OAO(z) destroyed. 01931_ Critical hit (Destroy). 01931_ Lgt. Cannon destroyed. 01932_ P1-N9S(R): "HIDIE!" 01933_ Lgt. Ion Engine destroyed. 01934_ 7U-3LZ(R): "HIDIE!" 01936_ Grenade Launcher destroyed. 01937_ The unstable cave ceiling collapses. 01939_ Critical hit (Destroy). 01939_ Aluminum Leg destroyed. 01939_ Released Lrg. Storage Unit. 01939_ Released Imp. Terrain Scanner. Map ----- +----------------------------------------------------+ | ?????????????????????????????????????????????????? | | ?????????????????????????????????????????????????? | | ?????????????????????????????????????????????????? | | ?????????????????????????????????????????????????? | | ?????????????????????????????????????????????????? | | ?????????????????????????????????????????????????? | | ?????????????????????????????????????????????????? | | ?????????????????????????????????????????????????? | | ?????????????????????????????????????????????????? | | ???????????????????????? ??????????????????????? | | ????????????????????????? ##????????????????????? | | ????????????????????????? ##???????????????????? | | ????????????????????????? #???????????????????? | | ????????????????????????? ????????????????????? | | ???????????????????????## #????????????????????? | | ????????????????????#### ####?????????????????? | | ????????????????????#;; ###???????????????? | | ???????????????????## ; #???????????????? | | ??????????????????## ;; #????????????????? | | ?????????????????## #?????????????????? | | ????????????????##; #?????????????????? | | ????????????????#; ; R#???? #??????????? | | ???????????????## ## #???????????? | | ???????????????# *[ R #????????????? | | ???????????????# !R! """#?????????????? | | ??????????????# R!R%R@ < #??????????????? | | ??????????????####;; R "#??????????????? | | ???????????#?????## ""#?????????????? | | ??????????????????# # "" ????????????? | | ??????????????????### # #"?????????????? | | ????????????????????######### #??????????????? | | ?????????????????????????????# ##??????????????? | | ??????????????????????????????## #???????????????? | | ????????????????????????????????##???????????????? | | ????????????????????#????????????????????????????? | | ?????????????????????????????????????????????????? | | ???????????#?????????????????????????????????????? | | ?????????????????????????????????????????????????? | | ?????????????????????????????????????????????????? | | ?????????????????????????????????????????????????? | | ?????????????????????????????????????????????????? | | ?????????????????????????????????????????????????? | | ?????????????????????????????????????????????????? | | ?????????????????????????????????????????????????? | | ?????????????????????????????????????????????????? | | ?????????????????????????????????????????????????? | | ?????????????????????????????????????????????????? | | ?????????????????????????????????????????????????? | | ?????????????????????????????????????????????????? | | ?????????????????????????????????????????????????? | +----------------------------------------------------+ Best States ------------- Heat Dissipation 25 Energy Generation 10 Energy Capacity 125 Matter Stores 300 Matter Capacity 300 Sight Range 16 Terrain Scan Range 16 Terrain Scan Density 10 Evasion (%) 55 Recoil Reduction 2 Item Schematics ----------------- None Robot Schematics ------------------ None Fabricated ------------ Nothing Repaired ---------- Nothing Studied --------- None Alien Tech Used ----------------- None Achievements -------------- Do Not Disturb Challenges ------------ None Game ------ Seed BarrageWarlordSegregator Manual? 0 Play Time 00:12:27 Cumulative 13.0 hours Start 2026.09.16 @ 22:23:21 End 2026.09.18 @ 20:38:48 Sessions 1 Manual Loads 0 Difficulty Rogue Special Mode None Game No. 25 Rogue 25 Adventurer 0 Explorer 0 Win Type - Total 0 Types 0/0/0/0/0/0/0/0/0/0 Lore% 14 Gallery% 16 Achievement% 17 Wizard Run 0 Options --------- Layout 0 ASCII 0 Keyboard 1 Movement Vi Keybinds 1 Fullscreen 1 Font 24/Smallcaps Map View 76x50 Zoom Use 0% Tactical HUD 1 Map Filters NONE Filters NONE Steam 1 RUN: e4387df5-c4ed-40e6-a2d7-ad0ab3d35c50